 Dungeon Crawl Stone Soup version 0.31-a0-408-gb642c7f9a3 (webtiles) character file.

Game seed: 220517600307660321

28 dinky3 the Sneak (level 3, 0/24 HPs)
             Began as a Vampire Enchanter on July 29, 2023.
             Slain by Grinder (4 damage)
             ... while paralysed by Grinder
             ... on level 3 of the Dungeon.
             The game lasted 00:03:01 (505 turns).

dinky3 the Sneak (Vampire Enchanter)                 Turns: 505, Time: 00:03:01

Health: 0/24       AC:  2    Str:  7    XL:     3   Next: 0%
Magic:  6/6        EV:  2    Int: 17    God:
Gold:   99         SH:  0    Dex: 16    Spells: 1/6 levels left

rFire   . . .        a - +1 dagger
rCold   . . .        (no shield)
rNeg    . . .        b - +0 robe
rPois   .            (no helmet)
rElec   .            (no cloak)
rCorr   .            (no gloves)
SInv    +            (no boots)
Will    .....        (no amulet)
Stlth   +++          f - ring of wizardry
HPRegen 0.44/turn    (no ring)
MPRegen 0.10/turn

%: wizardry (x1)
@: paralysed, healing quickly, invisible
A: alive, fangs 3, see invisible, vampiric 2
a: Exsanguinate


You were on level 3 of the Dungeon.
You visited 1 branch of the dungeon, and saw 3 of its levels.

You collected 99 gold pieces.

Inventory:

Hand Weapons
 a - a +1 dagger (weapon)
Armour
 b - a +0 robe (worn)
Magical Staves
 g - a staff of air
Jewellery
 f - a ring of wizardry (left hand)
Scrolls
 d - 2 scrolls of fog
 i - a scroll of immolation
 k - a scroll of blinking {unknown}
Potions
 e - 3 potions of heal wounds
 h - a potion of ambrosia
 j - a potion of degeneration {unknown}
 l - 3 potions of magic {unknown}
 m - a potion of curing {unknown}


   Skills:
 + Level 2.4 Short Blades
 - Level 2.1 Dodging
 + Level 5.5 Stealth
 - Level 2.0 Spellcasting
 - Level 4.4 Hexes


You had one spell level left.
You knew the following spells:

 Your Spells              Type           Power      Damage    Failure   Level
a - Confusing Touch       Hex            16%        N/A       4%          3
b - Ensorcelled Hibernat  Hex/Ice        18%        N/A       4%          2

Your spell library contained the following spells:

 Spells                   Type           Power      Damage    Failure   Level
 Tukima's Dance           Hex            16%        N/A       4%          3
 Dazzling Flash           Conj/Hex       18%        N/A       10%         3


Dungeon Overview and Level Annotations

Branches:
Dungeon (3/15) Zot: 17499

Altars:

Shops:
D:1 :

Annotations:
D:2 Natasha
D:3 Grinder


Innate Abilities, Weirdness & Mutations

Your natural rate of healing is accelerated.
You have razor-sharp teeth.
You have supernaturally acute eyesight. (SInv)
You are afflicted with vampirism and can become a bat while bloodless.


Message History

The helpless endoplasm fails to defend itself.
You impale the endoplasm!!
You kill the endoplasm!
You have reached level 3!
Your experience leads to an increase in your attributes!
Increase (S)trength, (I)ntelligence, or (D)exterity?
You feel agile. x2
You can now turn into a vampire bat when bloodless.
This spell is quite dangerous to cast!
Memorise Confusing Touch, consuming 3 spell levels and leaving 1?
You start memorising the spell.
You continue memorising. x3
You finish memorising.
Spell assigned to 'a'.
Okay, then.
A ball python comes into view.
Found a robe.
Grinder comes into view.
Grinder shouts!
The ball python hisses angrily.
You barely miss Grinder. Grinder hits you but does no damage.
Okay, then.
Press: ? - help, v - describe, . - travel
Here: Grinder The floor.
You fade into invisibility!
Grinder misses you.
You hit Grinder. You bite Grinder, but do no damage.
Grinder is lightly wounded.
Grinder hits you.
You writhe in agony.
The ball python misses you.
You hit Grinder but do no damage. Your bite misses Grinder.
Grinder is lightly wounded.
The ball python bites you. Grinder gestures at you.
You suddenly lose the ability to move!
The ball python bites you. Grinder hits you!
* * * LOW HITPOINT WARNING * * *
You writhe in agony.
* * * LOW HITPOINT WARNING * * *
The ball python bites you.
* * * LOW HITPOINT WARNING * * *
Grinder hits you.
You die...

########################
......S@................
##....5#################
#..... ....[.. .......
....... ...#### ...


You could see Grinder (unable to see you) and a ball python (unable to see you).

Vanquished Creatures
  A dart slug (D:1)
  A ball python (D:2)
  3 endoplasms
  A giant cockroach (D:1)
  4 goblins
  2 hobgoblins (D:1)
  A quokka (D:1)
  6 bats (D:1)
  2 frilled lizards (D:1)
  A kobold (D:1)
  A rat (D:1)
23 creatures vanquished.

Notes
Turn   | Place    | Note
-------+----------+-------------------------------------------
     0 | D:1      | dinky3 the Vampire Enchanter began the quest for the Orb.
     0 | D:1      | Reached XP level 1. HP: 13/13 MP: 3/3
    44 | D:1      | Found Popiun's Book Shoppe.
   124 | D:1      | Reached skill level 5 in Stealth
   124 | D:1      | Reached XP level 2. HP: 19/19 MP: 5/5
   186 | D:1      | Learned a level 2 spell: Ensorcelled Hibernation
   341 | D:2      | Noticed Natasha
   488 | D:3      | Gained mutation: You are afflicted with vampirism and can
                  | become a bat while bloodless. [Vampire growth]
   488 | D:3      | Reached XP level 3. HP: 24/24 MP: 6/6
   492 | D:3      | Learned a level 3 spell: Confusing Touch
   499 | D:3      | Noticed Grinder
   503 | D:3      | Paralysed by Grinder for 4 turns
   505 | D:3      | Slain by Grinder

Illustrated notes

Levels and vault maps discovered:
D:1:      tarquinn_simple_flora_water_f, layout_basic,
          hellmonk_ecumenical_altar_leap_of_faith, serial_shops, shop
D:2:      layout_loops_ring, uniq_natasha
D:3:      layout_basic, uniq_grinder

Skill      XL: |  1  2 |
---------------+-------+-----
Stealth        | 5 |  5.5
Short Blades   | 2 |  2.4
Dodging        | |  2.1
Spellcasting   | |  2.0
Hexes          | |  4.4

Action                     || total
---------------------------++-------
  Melee: Dagger            ||    56
         Bite              ||     7
   Cast: Ensorcelled Hiber ||     4
    Use: Potion            ||     2
         Scroll            ||     4
   Stab: Sleeping          ||    11
         Invisible         ||     2
 Armour: Robe              ||    13
  Dodge: Dodged            ||    35

Table legend: (Time is in decaauts)
 A = Elapsed time spent in this place.
 B = Non-inter-level travel time spent in this place.
 C = Inter-level travel time spent in this place.
 D = Time resting spent in this place.
 E = Time spent auto-exploring this place.
 F = Levels seen in this place.
 G = Mean time per level.
                   A        B        C        D        E       F      G
               +--------+--------+--------+--------+--------+-----+--------+
         Total |    499 |    499 |      0 |      0 |      0 |   3 |  166.3 |
       Dungeon |    499 |    499 |      0 |      0 |      0 |   3 |  166.3 |
               +--------+--------+--------+--------+--------+-----+--------+

Top non-repeatable levels by time:
     D:1: 244 daAuts
     D:2: 128 daAuts
     D:3: 126 daAuts
